Map: World of Sleepers LE

Players

soO

  • Race: Zerg Zerg
  • League: Diamond
  • Spawn Location: 1:00

Neeb - Winner!

  • Race: Protoss Protoss
  • League: Master
  • Spawn Location: 7:00

Event: NationWars 2019

VOD

Have the link to the VOD?

Description

Time

  • Played on: Nov. 12, 2019, 5:10 p.m.
  • Length: 42:33
Show
View Real Time Build Order
Export as new Build Order

soO Zerg 

Build Orders: Hatch First, Brood Lord Corruptor 

Get SALT Encoding   

  12  0:00  Drone  
  13  0:12  Overlord  
  13  0:18  Drone  
  14  0:30  Drone  
  14  0:31  Drone  
  16  0:47  Hatchery  
  15  0:51  Drone  
  15  0:55  Drone  
  17  0:57  Drone  
  18  1:08  Extractor  
  17  1:12  Spawning Pool  
  17  1:16  Drone  
  17  1:19  Drone  
  18  1:30  Drone  
  19  1:38  Drone  
  20  1:47  Hatchery  
  20  1:52  Drone  
  20  2:00  Queen  
  22  2:01  Drone  
  22  2:05  Drone  
  24  2:11  Drone  
  24  2:14  Overlord  
  25  2:23  Queen  
  25  2:28  Metabolic Boost  
  27  2:30  Drone  
  27  2:33  Zergling x2  
  27  2:36  Zergling x2  
  30  2:43  Queen  
  32  2:45  Drone  
  32  2:47  Drone  
  34  2:55  Drone  
  35  2:58  Queen  
  35  2:59  Drone  
  35  3:05  Overlord, Drone  
  39  3:08  Zergling x2  
  39  3:09  Zergling x2  
  41  3:13  Drone  
  41  3:15  Unknown  
  41  3:18  Drone  
  42  3:25  Drone  
  42  3:26  Drone  
  43  3:33  Zergling x4  
  44  3:35  Drone x4  
  44  3:39  Drone  
  48  3:42  Drone  
  48  3:43  Drone  
  48  3:45  Spore Crawler  
  49  3:50  Overlord  
  49  3:53  Overlord  
  49  3:54  Drone  
  50  3:56  Overlord  
  50  3:58  Overlord  
  50  4:03  Lair  
  50  4:10  Roach Warren  
  50  4:11  Drone x2  
  50  4:14  Spore Crawler  
  50  4:15  Drone x2  
  52  4:17  Drone  
  52  4:21  Zergling x4  
  55  4:24  Spore Crawler  
  55  4:28  Zergling x4  
  56  4:34  Drone  
  56  4:35  Drone  
  57  4:40  Zergling x8  
  57  4:45  Drone  
  61  4:48  Drone  
  61  4:51  Roach x4  
  70  4:58  Roach x3  
  75  5:03  Overseer  
  71  5:11  Glial Reconstitution  
  70  5:15  Overseer, Drone  
  70  5:16  Drone x2  
  70  5:17  Roach x4  
  70  5:20  Extractor  
  80  5:21  Drone  
  80  5:23  Drone  
  80  5:27  Overlord  
  82  5:29  Overlord  
  82  5:31  Overlord  
  82  5:35  Overlord  
  82  5:37  Overlord  
  82  5:42  Overlord  
  82  5:48  Drone x3  
  85  5:52  Drone x2  
  85  5:54  Drone  
  85  5:56  Drone  
  89  5:57  Drone x2  
  89  5:59  Evolution Chamber  
  89  6:00  Roach x3  
  89  6:03  Drone x2  
  89  6:04  Drone  
  99  6:16  Overlord  
  99  6:19  Roach x6  
  99  6:22  Hatchery  
  110  6:26  Zerg Melee Weapons Level 1  
  110  6:30  Baneling Nest  
  110  6:32  Ravager  
  110  6:35  Ravager  
  110  6:36  Ravager, Drone  
  110  6:37  Drone x2  
  115  6:44  Overlord  
  115  6:45  Overlord x2  
  115  6:48  Overseer  
  115  6:52  Drone  
  115  6:53  Drone x3  
  115  6:54  Extractor, Overlord  
  118  6:56  Zergling x8  
  121  7:02  Overlord  
  121  7:04  Zergling x4  
  121  7:08  Zergling x6  
  126  7:12  Zergling x8  
  126  7:15  Centrifical Hooks  
  129  7:20  Infestation Pit  
  129  7:21  Drone x2  
  128  7:27  Ravager x2  
  128  7:28  Ravager  
  128  7:29  Drone x4  
  135  7:34  Zergling x12  
  135  7:35  Queen  
  143  7:38  Baneling  
  143  7:39  Baneling x10  
  143  7:45  Drone  
  143  7:48  Extractor  
  143  7:49  Zergling x14  
  150  7:55  Hatchery, Drone  
  150  7:56  Drone  
  150  7:57  Hive  
  150  7:58  Drone x2  
  153  8:08  Drone  
  153  8:09  Zergling x14  
  153  8:10  Spire  
  160  8:16  Pneumatized Carapace  
  160  8:18  Drone  
  161  8:25  Zergling x2  
  161  8:26  Zerg Melee Weapons Level 2, Zergling x10  
  166  8:30  Drone x2  
  165  8:37  Overlord x3  
  165  8:38  Drone  
  165  8:39  Drone x2  
  165  8:40  Extractor  
  165  8:41  Queen  
  165  8:45  Baneling  
  165  8:46  Baneling x7  
  167  8:51  Zergling x2  
  167  8:52  Overlord  
  167  8:54  Overlord  
  168  8:55  Overlord  
  168  8:57  Zergling x18  
  177  9:03  Zergling x14  
  177  9:04  Baneling x8, Zergling x2  
  177  9:05  Baneling x4  
  177  9:07  Baneling x4  
  177  9:09  Zergling x4  
  187  9:10  Adrenal Glands  
  187  9:23  Zergling x14  
  194  9:27  Greater Spire  
  188  9:41  Hatchery  
  167  9:48  Corruptor x7  
  163  9:55  Baneling x3, Extractor  
  163  9:56  Baneling x3  
  162  10:09  Zergling x12  
  168  10:26  Zergling x10  
  168  10:27  Baneling  
  168  10:28  Baneling x3  
  173  10:29  Baneling x2  
  173  10:30  Baneling x2  
  173  10:38  Brood Lord  
  173  10:39  Brood Lord x2  
  173  10:40  Brood Lord  
  180  10:46  Brood Lord  
  174  10:54  Brood Lord  
  174  10:57  Zergling x26  
  174  10:58  Zergling x2  
  174  11:01  Queen  
  174  11:02  Drone x2  
  174  11:03  Drone x2  
  183  11:12  Zerg Flyer Weapons Level 1  
  183  11:21  Brood Lord  
  183  11:23  Baneling x5  
  183  11:24  Zergling x2  
  183  11:25  Zergling x32  
  191  11:35  Zergling x2  
  187  11:44  Hatchery  
  187  11:46  Corruptor x4  
  185  11:57  Drone x2  
  187  12:02  Drone x3  
  187  12:03  Drone x2  
  187  12:08  Overseer  
  192  12:09  Drone x3  
  192  12:12  Corruptor x2  
  199  12:19  Zerg Melee Weapons Level 3  
  199  12:21  Baneling x5, Overseer  
  198  12:25  Baneling x3  
  191  12:38  Queen  
  188  12:46  Corruptor x3  
  188  12:48  Drone  
  188  12:49  Drone  
  188  12:51  Extractor x2  
  194  12:54  Queen  
  194  13:06  Baneling x12  
  194  13:08  Drone x2  
  194  13:09  Drone x2  
  194  13:25  Zerg Flyer Weapons Level 2  
  194  13:34  Drone x2  
  194  13:37  Drone x2  
  194  13:40  Spore Crawler x3  
  194  13:41  Spore Crawler  
  194  13:42  Spore Crawler  
  194  13:43  Spore Crawler  
  194  13:46  Spine Crawler  
  189  13:54  Infestor x4  
  195  14:01  Infestor  
  196  14:08  Drone  
  196  14:09  Drone x2  
  199  14:13  Spore Crawler  
  199  14:14  Spine Crawler  
  197  14:19  Drone  
  197  14:20  Drone  
  196  14:33  Drone  
  196  14:35  Drone x2  
  196  14:37  Spore Crawler x2, Spine Crawler  
  196  14:45  Infestor x2  
  200  14:56  Zerg Missile Weapons Level 1  
  200  14:57  Spine Crawler  
  200  14:58  Spine Crawler  
  200  14:59  Spine Crawler  
  197  15:00  Spine Crawler  
  196  15:08  Pathogen Glands  
  196  15:09  Hatchery, Overseer  
  196  15:10  Overseer x2  
  196  15:12  Baneling x3  
  195  15:16  Drone  
  195  15:17  Drone x4  
  200  15:21  Spore Crawler  
  200  15:23  Spore Crawler  
  198  15:40  Burrow  
  198  15:41  Drone x2  
  200  15:44  Spine Crawler x2  
  200  15:45  Spine Crawler  
  200  15:49  Infestor  
  198  15:59  Infestor  
  198  16:03  Overseer  
  200  16:04  Neural Parasite  
  200  16:18  Spore Crawler x2  
  200  16:19  Spore Crawler  
  197  16:32  Hatchery  
  192  16:35  Infestor x4  
  198  16:55  Overlord  
  198  16:56  Zerg Flyer Weapons Level 3  
  198  16:58  Overseer  
  198  16:59  Hatchery  
  197  17:09  Overlord x2  
  197  17:22  Drone x3  
  200  17:27  Spore Crawler  
  198  17:32  Spore Crawler  
  198  17:33  Spore Crawler  
  198  17:35  Spore Crawler  
  195  17:38  Infestor x2  
  195  17:39  Zerg Missile Weapons Level 2  
  195  17:54  Infestor x3  
  197  17:58  Spore Crawler  
  197  17:59  Spore Crawler x2  
  197  18:01  Spore Crawler  
  197  18:02  Spore Crawler  
  190  18:15  Infestor x4  
  190  18:17  Drone  
  199  18:53  Spine Crawler  
  199  18:55  Spine Crawler  
  197  18:59  Drone  
  198  19:03  Spine Crawler  
  198  19:04  Spine Crawler  
  198  19:05  Drone x3  
  199  19:13  Baneling  
  199  19:14  Baneling x3  
  199  19:21  Drone  
  198  19:24  Spore Crawler  
  198  19:25  Spore Crawler  
  198  19:26  Spore Crawler, Drone  
  198  19:27  Drone x3  
  198  19:28  Drone  
  199  19:34  Zerg Flyer Armor Level 1  
  197  19:40  Unknown  
  194  19:51  Drone x2  
  192  20:00  Corruptor x4  
  191  20:17  Viper  
  191  20:20  Corruptor x3  
  199  21:01  Zerg Missile Weapons Level 3  
  199  21:06  Zergling x4  
  198  21:18  Spore Crawler  
  198  21:19  Spore Crawler  
  198  21:24  Zergling x8  
  200  21:40  Spore Crawler  
  200  21:42  Spore Crawler  
  200  21:45  Spore Crawler, Drone x2  
  200  21:46  Drone  
  195  21:58  Corruptor x3  
  200  22:02  Spore Crawler  
  200  22:04  Spore Crawler  
  195  22:14  Corruptor  
  193  22:18  Overlord  
  193  22:20  Overlord  
  193  22:41  Corruptor x3  
  178  23:24  Corruptor  
  178  23:27  Viper x2  
  183  23:38  Corruptor x12  
  186  24:06  Corruptor x8  
  200  24:14  Drone x2  
  200  24:23  Zerg Flyer Armor Level 2  
  200  24:32  Overseer x2  
  200  24:35  Overseer  
  192  25:11  Drone x3  
  195  25:17  Spawning Pool  
  195  25:19  Brood Lord x3  
  200  25:42  Hatchery  
  199  26:10  Drone  
  200  26:15  Spore Crawler  
  200  26:16  Spore Crawler  
  197  26:19  Spore Crawler, Corruptor  
  197  26:23  Drone  
  199  26:36  Spore Crawler x3  
  199  26:37  Spore Crawler  
  195  26:57  Zergling x8  
  199  27:14  Zerg Flyer Armor Level 3  
  197  27:56  Overlord  
  195  27:58  Overlord  
  195  28:01  Overlord  
  193  28:07  Overlord  
  193  28:09  Overlord  
  193  28:25  Corruptor x3  
  186  28:39  Zergling x14  
  186  28:40  Zergling x12  
  199  28:48  Drone  
  182  29:14  Hatchery  
  172  29:23  Zergling x4  
  174  29:24  Infestor x19  
  174  29:28  Brood Lord x3  
  180  29:45  Infestation Pit  
  165  30:14  Zergling x38  
  177  30:26  Zergling x10  
  177  30:27  Baneling x9  
  179  30:36  Corruptor x2  
  179  30:37  Corruptor x3  
  178  31:11  Drone x5  
  172  31:16  Corruptor x7  
  172  31:28  Corruptor x4  
  156  32:03  Viper x2  
  133  32:33  Brood Lord  
  129  33:24  Drone  
  129  33:25  Drone  
  129  33:58  Drone  
  116  34:30  Hatchery  
  105  35:54  Drone  
  106  36:19  Infestor x2  
  106  36:48  Infestor x3  
  106  36:49  Infestor x6  
  106  37:10  Drone  
  107  37:31  Drone  
  108  37:49  Drone  
  109  38:09  Drone  
  110  38:29  Drone  
  110  38:31  Drone  
  112  38:40  Drone  
  113  38:56  Drone  
  108  39:13  Drone  
  109  39:21  Drone x2  
  108  39:37  Drone  
  105  40:05  Infestor x2  
  105  40:07  Infestor  
  105  40:22  Infestor x2  
  95  40:54  Hatchery  
  80  42:12  Drone  
Show
View Real Time Build Order
Export as new Build Order

Neeb Protoss - Winner!

Build Orders: 1 Gate Expand, Archon Immortal, Archon Drop, Dark Templar Rush 

Get SALT Encoding   

  12  0:00  Probe  
  13  0:12  Probe  
  14  0:18  Pylon  
  14  0:24  Probe  
  15  0:37  Probe (Chrono Boost)  
  16  0:43  Gateway  
  16  0:46  Probe (Chrono Boost)  
  16  0:48  Assimilator  
  17  0:51  Probe (Chrono Boost)  
  18  1:03  Probe  
  19  1:15  Probe  
  20  1:22  Nexus  
  20  1:32  Cybernetics Core  
  20  1:36  Probe  
  21  1:43  Assimilator  
  21  1:48  Probe  
  21  1:51  Pylon  
  22  2:00  Probe (Chrono Boost)  
  23  2:06  Adept (Chrono Boost)  
  23  2:12  Probe (Chrono Boost)  
  26  2:16  Probe (Chrono Boost)  
  26  2:19  Twilight Council  
  27  2:26  Warp Gate  
  27  2:28  Probe (Chrono Boost)  
  27  2:29  Adept  
  30  2:35  Probe (Chrono Boost)  
  31  2:43  Probe (Chrono Boost)  
  31  2:44  Probe (Chrono Boost)  
  33  2:49  Probe  
  33  2:50  Probe  
  35  2:55  Robotics Facility  
  35  2:59  Stalker  
  35  3:02  Probe  
  35  3:03  Probe  
  39  3:09  Gateway  
  39  3:14  Probe  
  39  3:15  Probe  
  41  3:22  Dark Shrine  
  41  3:26  Probe  
  42  3:27  Probe  
  43  3:39  Probe  
  43  3:41  Gateway  
  45  3:43  Warp Prism (Chrono Boost)  
  45  3:44  Gateway  
  46  3:48  Pylon  
  46  3:55  Assimilator  
  46  3:56  Assimilator  
  46  3:57  Pylon  
  46  4:06  Probe (Chrono Boost)  
  46  4:09  Pylon  
  48  4:11  Probe (Chrono Boost)  
  49  4:17  Probe (Chrono Boost)  
  49  4:21  Probe (Chrono Boost)  
  49  4:22  Probe (Chrono Boost)  
  51  4:30  Probe  
  52  4:32  Probe  
  52  4:36  Dark Templar x3  
  59  4:41  Dark Templar  
  59  4:42  Probe  
  58  4:46  Observer (Chrono Boost), Forge  
  58  4:47  Pylon  
  59  5:01  Immortal (Chrono Boost)  
  63  5:13  Protoss Ground Weapons Level 1 (Chrono Boost)  
  63  5:14  Nexus, Zealot x3  
  67  5:23  Dark Templar, Probe  
  67  5:24  Probe  
  67  5:26  Pylon, Archon  
  67  5:27  Archon  
  71  5:36  Immortal (Chrono Boost)  
  71  5:39  Charge (Chrono Boost)  
  75  5:52  Sentry x2  
  79  5:59  Gateway  
  79  6:01  Gateway  
  79  6:05  Pylon  
  79  6:08  Gateway  
  79  6:11  Gateway  
  79  6:12  Immortal (Chrono Boost)  
  79  6:17  Probe x2  
  85  6:24  Pylon, Sentry x2  
  89  6:26  Probe  
  89  6:29  Probe  
  91  6:35  Probe  
  91  6:36  Zealot  
  91  6:37  Zealot  
  96  6:41  Photon Cannon  
  96  6:44  Photon Cannon  
  96  6:48  Photon Cannon  
  96  6:55  Probe  
  96  6:59  Immortal  
  102  7:01  Protoss Ground Weapons Level 2 (Chrono Boost)  
  102  7:02  Zealot x2  
  102  7:04  Probe  
  102  7:08  Probe  
  107  7:11  Zealot  
  107  7:12  Zealot x2  
  107  7:14  Probe  
  114  7:21  Probe  
  115  7:23  Probe  
  115  7:28  Assimilator  
  115  7:29  Assimilator  
  117  7:30  Templar Archives  
  117  7:32  Pylon  
  117  7:34  Probe, Pylon  
  117  7:50  Probe (Chrono Boost)  
  117  7:51  Immortal  
  124  7:55  Probe x2 (Chrono Boost)  
  124  8:00  Pylon  
  124  8:01  Zealot x3  
  124  8:02  Probe (Chrono Boost), Pylon, Zealot  
  133  8:08  Psionic Storm  
  133  8:17  Pylon  
  133  8:18  Probe  
  135  8:21  Pylon  
  135  8:22  High Templar x2  
  135  8:23  High Templar x2  
  136  8:27  Immortal (Chrono Boost)  
  138  8:36  Pylon  
  138  8:39  Probe  
  140  8:45  High Templar x2  
  144  8:48  Photon Cannon  
  144  8:50  Photon Cannon  
  144  8:51  Gateway  
  144  8:52  Gateway  
  144  8:55  Nexus, Pylon  
  143  9:04  Immortal (Chrono Boost), Photon Cannon  
  147  9:17  High Templar x2  
  147  9:21  Archon  
  147  9:22  Probe x2  
  153  9:27  Unknown  
  153  9:32  Probe, Protoss Ground Weapons Level 3  
  153  9:33  Zealot  
  153  9:34  Zealot x4  
  164  9:42  Probe  
  153  9:51  Nexus  
  140  9:57  Pylon  
  140  9:59  High Templar x4  
  148  10:00  Zealot x3  
  148  10:03  Archon  
  148  10:04  Archon  
  154  10:07  Warp Prism  
  154  10:11  Dark Templar  
  158  10:19  Pylon  
  158  10:21  Pylon  
  158  10:23  Pylon  
  158  10:24  High Templar x2  
  158  10:27  Zealot  
  164  10:29  Archon  
  164  10:31  Zealot x4  
  172  10:45  Zealot  
  172  10:48  Photon Cannon  
  172  10:50  Unknown  
  172  10:51  High Templar  
  172  10:52  Zealot x3, High Templar  
  172  10:56  Archon  
  176  11:04  Dark Templar, Zealot  
  176  11:11  Stargate  
  162  11:24  Stargate  
  162  11:25  Stargate  
  158  11:35  Zealot x7  
  158  11:36  Dark Templar  
  166  11:41  Probe x2  
  166  11:46  Probe  
  159  11:51  Archon  
  143  11:55  Stargate  
  143  12:00  Protoss Air Weapons Level 1 (Chrono Boost), Void Ray (Chrono Boost)  
  139  12:06  Void Ray x2 (Chrono Boost)  
  143  12:11  Dark Templar  
  153  12:19  High Templar  
  153  12:20  Zealot x6  
  167  12:27  Photon Cannon  
  166  12:34  Probe x2 (Chrono Boost)  
  155  12:42  Probe x2 (Chrono Boost)  
  156  12:46  Probe x2 (Chrono Boost), Pylon  
  156  12:50  Fleet Beacon  
  152  12:52  Probe x2 (Chrono Boost)  
  152  12:53  Probe (Chrono Boost)  
  152  12:56  Probe (Chrono Boost)  
  152  12:57  Probe (Chrono Boost)  
  152  13:00  Nexus  
  152  13:01  High Templar  
  152  13:02  High Templar  
  157  13:05  Zealot  
  157  13:11  Void Ray x2 (Chrono Boost)  
  157  13:12  Void Ray (Chrono Boost)  
  159  13:16  Void Ray (Chrono Boost)  
  168  13:27  Probe x3  
  168  13:29  Photon Cannon  
  168  13:31  Probe  
  171  13:42  Dark Templar  
  171  13:44  Dark Templar  
  171  13:47  Void Ray (Chrono Boost)  
  175  13:56  High Templar, Void Ray (Chrono Boost)  
  175  13:57  High Templar  
  175  13:58  Void Ray (Chrono Boost)  
  175  14:01  Probe x4  
  179  14:11  Archon  
  179  14:15  Assimilator  
  179  14:19  Assimilator  
  179  14:23  Protoss Shields Level 1  
  183  14:25  Fleet Beacon  
  177  14:53  Photon Cannon  
  177  14:54  Photon Cannon, Shield Battery  
  177  14:55  Shield Battery  
  177  14:56  Warp Prism (Chrono Boost), Photon Cannon  
  179  15:09  Tempest x4  
  199  15:17  Protoss Air Weapons Level 2 (Chrono Boost)  
  199  15:36  Pylon  
  196  15:52  Oracle  
  199  15:58  Nexus  
  199  16:04  Photon Cannon  
  199  16:06  Photon Cannon  
  199  16:08  Photon Cannon  
  199  16:09  Photon Cannon  
  199  16:11  Shield Battery  
  199  16:13  Shield Battery  
  199  16:26  Assimilator  
  199  16:30  Assimilator  
  199  16:31  Tempest  
  199  16:32  Tempest  
  199  16:37  Photon Cannon  
  173  17:02  Protoss Shields Level 2  
  173  17:03  Oracle  
  173  17:04  Carrier  
  173  17:07  High Templar x2  
  173  17:08  High Templar x3  
  192  17:09  High Templar  
  192  17:14  Cybernetics Core  
  194  17:17  Dark Templar  
  194  17:21  Archon x3  
  196  17:23  Dark Templar  
  195  17:54  Protoss Air Weapons Level 3 (Chrono Boost)  
  193  18:12  Warp Prism  
  195  18:35  Protoss Air Armor Level 1 (Chrono Boost)  
  195  18:50  Dark Templar  
  197  19:06  Mothership (Chrono Boost)  
  197  19:17  Shadow Stride  
  198  19:42  Zealot x3  
  195  19:56  Dark Templar x3  
  183  20:19  Oracle  
  186  20:29  Protoss Shields Level 3, Stargate  
  186  20:31  Stargate  
  186  20:32  Stargate  
  186  20:35  Dark Templar, Stargate  
  188  20:36  Stargate  
  188  20:41  Oracle  
  191  20:49  Shield Battery x2  
  191  20:51  Pylon  
  189  21:00  Robotics Bay  
  189  21:03  Robotics Facility  
  189  21:07  Protoss Air Armor Level 2 (Chrono Boost)  
  187  21:12  Photon Cannon  
  187  21:14  Photon Cannon  
  187  21:16  Photon Cannon  
  179  22:27  Dark Templar x7  
  179  22:28  Dark Templar  
  195  22:49  Disruptor  
  198  22:57  Disruptor  
  193  23:26  Dark Templar x5  
  199  23:35  Disruptor  
  196  23:45  Dark Templar x2, Protoss Air Armor Level 3 (Chrono Boost)  
  196  23:46  Nexus  
  200  23:53  Pylon  
  198  23:58  Archon  
  198  23:59  Archon  
  183  24:18  Carrier x2  
  195  24:31  Assimilator  
  195  24:33  Dark Templar  
  195  24:36  Assimilator  
  197  24:38  Photon Cannon  
  197  24:40  Photon Cannon  
  197  24:42  Photon Cannon  
  197  24:45  Photon Cannon  
  194  24:46  Photon Cannon  
  194  24:49  Shield Battery  
  194  24:50  Shield Battery  
  194  24:52  Shield Battery  
  194  24:54  Photon Cannon  
  194  24:56  Photon Cannon  
  194  24:58  Photon Cannon  
  194  25:01  Photon Cannon  
  194  25:06  Dark Templar x3  
  200  25:24  Pylon  
  200  25:43  Photon Cannon  
  200  25:44  Photon Cannon  
  200  25:46  Photon Cannon  
  200  25:48  Photon Cannon, Shield Battery  
  194  26:04  Observer  
  194  26:05  Observer  
  189  26:17  Unknown  
  189  26:19  Dark Templar, Nexus  
  189  26:20  Dark Templar x4  
  189  26:21  Protoss Ground Armor Level 1 (Chrono Boost)  
  199  26:36  Observer  
  198  27:05  Observer  
  198  27:14  Photon Cannon  
  198  27:34  Nexus  
  173  28:15  Dark Templar  
  173  28:16  Dark Templar x7  
  173  28:30  Oracle  
  176  28:37  Pylon  
  176  28:39  Pylon  
  140  29:01  Zealot x8  
  140  29:04  Void Ray x3  
  152  29:10  Disruptor x2  
  152  29:14  Photon Cannon  
  152  29:15  Probe  
  138  29:23  Dark Templar, Zealot x7  
  149  29:25  Void Ray  
  149  29:27  Probe  
  155  29:32  Oracle  
  158  29:39  Probe  
  158  29:45  Zealot x4  
  165  29:46  Zealot x3  
  165  29:51  Probe  
  138  30:03  Probe  
  138  30:05  Void Ray x2  
  147  30:10  Void Ray  
  147  30:13  Nexus  
  151  30:18  Gateway, Void Ray  
  151  30:20  Gateway  
  155  30:22  Gateway  
  155  30:25  Zealot, Gateway  
  155  30:26  Zealot x5  
  155  30:27  Probe x3  
  165  30:29  Probe x2  
  165  30:30  Assimilator  
  165  30:34  Assimilator  
  159  30:39  Probe  
  131  31:03  Void Ray x4  
  137  31:21  Dark Templar, Zealot  
  137  31:22  Zealot x4  
  137  31:23  Probe x4  
  108  31:44  Dark Templar x2  
  108  31:45  Dark Templar x2, Zealot x5  
  111  31:53  Archon x2  
  107  32:14  Nexus  
  62  32:36  Pylon  
  62  32:46  Cybernetics Core  
  62  32:56  Zealot x4  
  62  32:57  Probe x5  
  69  33:21  Pylon  
  69  33:22  Stalker x2  
  73  33:29  Observer (Chrono Boost)  
  74  33:51  Gateway  
  74  33:53  Gateway  
  66  33:57  Gateway  
  66  33:58  Gateway  
  54  34:15  Probe x3  
  54  34:16  Probe  
  52  34:32  Probe  
  52  34:35  Probe  
  52  34:36  Probe  
  55  34:39  Probe  
  55  34:42  Assimilator  
  56  34:46  Probe  
  56  34:48  Nexus  
  56  34:50  Probe  
  58  34:55  Nexus  
  58  34:56  Dark Templar, Stalker x2  
  58  34:57  Stalker  
  66  35:00  Pylon, Archon  
  66  35:09  Probe, Cybernetics Core  
  66  35:10  Probe x3  
  66  35:12  Pylon  
  70  35:22  Probe  
  70  35:27  Dark Templar x2  
  70  35:28  Dark Templar  
  74  35:30  Probe x2  
  74  35:31  Probe  
  77  35:35  Archon  
  77  35:40  Zealot  
  77  35:42  Probe x2  
  81  35:43  Probe  
  81  35:45  Probe  
  83  36:00  Dark Templar  
  83  36:01  Stalker x3  
  91  36:05  Archon  
  91  36:06  Twilight Council  
  91  36:10  Nexus  
  91  36:20  Observer  
  92  36:31  Probe x2  
  92  36:32  Probe  
  95  36:36  Stalker x4  
  103  36:45  Observer  
  81  37:05  Observer  
  81  37:10  Pylon, Blink (Chrono Boost)  
  80  37:18  Observer (Chrono Boost)  
  81  37:24  Cybernetics Core  
  81  37:46  High Templar x4  
  81  37:50  Archon x2  
  89  38:01  Nexus  
  89  38:17  Nexus  
  89  38:25  Dark Templar  
  91  38:33  Observer  
  91  38:38  Observer  
  92  38:42  Stalker x3  
  98  38:49  Nexus  
  98  39:05  Nexus  
  98  39:09  Stalker x4  
  106  39:19  Observer  
  106  39:23  Observer  
  104  39:28  Probe  
  104  39:29  Probe  
  104  39:30  Observer, Pylon  
  106  39:40  Observer  
  106  39:41  Probe  
  107  39:48  Nexus  
  107  40:03  Stalker x4  
  114  40:10  Probe x2  
  116  40:20  Probe  
  117  40:23  Gateway  
  117  40:25  Gateway  
  117  40:27  Gateway  
  117  40:30  High Templar x3  
  117  40:31  High Templar  
  125  40:37  Observer  
  124  41:08  Stalker x4  
  132  41:20  Gateway  
  132  41:22  Gateway  
  132  41:23  Assimilator, Gateway  
  132  41:24  Observer  
  133  41:26  Probe  
  133  41:27  Probe  
  133  41:29  Assimilator, Probe  
  133  41:31  Probe  
  137  41:38  Probe  
  135  41:52  Stalker x6  
  139  42:05  Archon  
  124  42:21  Stalker x5  
  124  42:22  Stalker  
Tags
 
Add a new tag
Caveats
  • Supply blocks, unpowered buildings, or Contaminate may cause inaccurate times.
  • Supply counts are checked every 10 seconds.